 Dungeon Crawl Stone Soup version 0.23-a0-636-g0ff6057 (webtiles) character file.

6426 wazuzu the Fighter (level 10, -8/115 HPs)
             Began as an Ogre Wizard on Dec 27, 2018.
             Was a Priest of Vehumet.
             Killed from afar by Harold (10 damage)
             ... with a harpoon shot
             ... on level 9 of the Dungeon on Dec 28, 2018.
             The game lasted 00:50:53 (14116 turns).

wazuzu the Fighter (Ogre Wizard)                   Turns: 14116, Time: 00:50:53

Health: -8/115     AC:  4    Str: 17    XL:     10   Next: 98%
Magic:  3/22       EV:  9    Int: 22    God:    Vehumet [***...]
Gold:   483        SH:  0    Dex:  7    Spells: 7/25 levels left

rFire    . . .     SeeInvis .   C - +4 quarterstaff (crush)
rCold    . . .     Gourm    .   (shield currently unavailable)
rNeg     . . .     Faith    .   a - +0 robe
rPois    .         Spirit   .   b - +0 hat
rElec    .         Reflect  .   E - +0 cloak
rCorr    .         Harm     .   (gloves unavailable)
MR       +....                  (boots unavailable)
Stlth    ++........             (no amulet)
HPRegen  1.29/turn              t - ring of stealth
MPRegen  0.18/turn              z - +4 ring of strength

@: lethally poisoned (-8 -> -9), marked, regenerating, studying Stealth, drained
A: large, unfitting armour, tough skin 1
a: Renounce Religion


You were on level 9 of the Dungeon.
You worshipped Vehumet.
Vehumet was most pleased with you.
You were not hungry.

You visited 1 branch of the dungeon, and saw 9 of its levels.

You collected 483 gold pieces.

Inventory:

Hand Weapons
 C - a +4 quarterstaff of crushing (weapon)
Missiles
 g - 142 stones (quivered)
 w - a throwing net
Armour
 a - a +0 robe (worn)
 b - a +0 hat (worn)
 E - a +0 cloak (worn)
Jewellery
 t - a ring of stealth (left hand)
 z - a +4 ring of strength (right hand)
Wands
 i - a wand of random effects (16)
 x - a wand of enslavement (11)
 y - a wand of paralysis (10)
 B - a wand of flame (16)
Scrolls
 c - 3 scrolls of identify
 e - 5 scrolls of amnesia
 j - 5 scrolls of remove curse
 l - a scroll of blinking
 n - a scroll of enchant weapon
 o - 2 scrolls of magic mapping
Potions
 f - 2 potions of might
 h - a potion of ambrosia
 m - a potion of mutation
 p - 2 potions of haste
 q - 4 potions of flight
 r - 2 potions of cancellation
 D - a potion of berserk rage
Books
 A - a manual of Stealth
Comestibles
 d - 11 rations


   Skills:
 - Level 12.0(11.0) Fighting
 + Level 3.1(2.4) Staves
 - Level 1.7(1.0) Dodging
 - Level 1.4(0.7) Stealth
 - Level 8.0(7.2) Spellcasting
 - Level 6.0(5.2) Conjurations
 - Level 4.2(3.4) Charms
   Level 0.8(0.1) Summonings
 - Level 4.0(3.2) Necromancy
   Level 0.8(0.1) Translocations
 - Level 4.0(3.2) Ice Magic
 + Level 2.8(2.1) Earth Magic


You had 7 spell levels left.
You knew the following spells:

 Your Spells              Type           Power        Failure   Level  Hunger
a - Mephitic Cloud        Conj/Pois/Air  ###.....     3%          3    None
b - Conjure Flame         Conj/Fire      ###.....     2%          3    None
c - Animate Dead          Necr           N/A          22%         4    ###....
d - Stone Arrow           Conj/Erth      ###...       1%          3    None
f - Freeze                Ice            ###.         1%          1    None
r - Regeneration          Chrm/Necr      ###.......   6%          3    None
z - Magic Dart            Conj           ####         1%          1    None

Your spell library contained the following spells:

 Spells                   Type           Power        Failure   Level  Hunger
 Throw Icicle             Conj/Ice       ####....     4%          4    ###....
 Infusion                 Chrm           ###.         1%          1    None
 Searing Ray              Conj           ####..       1%          2    None
 Animate Skeleton         Necr           N/A          2%          1    None
 Pain                     Necr           ###.         2%          1    None
 Dazzling Spray           Conj/Hex       ###...       2%          3    None
 Iskenderun's Mystic Bla  Conj           ####....     2%          4    ###....
 Song of Slaying          Chrm           ###.....     3%          2    None
 Shroud of Golubria       Chrm/Tloc      ###.......   6%          2    None
 Vampiric Draining        Necr           ###.......   6%          3    None
 Force Lance              Conj/Tloc      ###.....     7%          4    ###....
 Fulminant Prism          Conj/Hex       ###.......   8%          4    ###....
 Blink                    Tloc           N/A          12%         2    None
 Call Imp                 Summ           #.......     12%         2    None
 Slow                     Hex            #.......     12%         2    None
 Spectral Weapon          Hex/Chrm       ###.....     12%         3    None


Dungeon Overview and Level Annotations

Branches:
Dungeon (9/15)             Temple (0/1) D:7             Orc (0/2) D:9
   Lair: D:8-11

Altars:
Dithmenos
Fedhas
Gozag
Hepliaklqana
Qazlal
Vehumet

Shops:
D:4 [

Annotations:
D:6 Mgcat's ghost, novice HOGl
D:9 Harold


Innate Abilities, Weirdness & Mutations

You are too large for most types of armour.
You have tough skin. (AC +1)


Message History

You feel very sick!
Okay, then!
Casting: Mephitic Cloud (safe; 3% risk of failure)
Confirm with ! or Enter, or press ? or * to list all spells!
Your skin crawls!
You feel sick!
You feel very sick!
You feel sick!
Harold seems less confused!
The orc hits you with a +0 mace! * * * don't die
* * * You feel sick!
The orc hits you but does no damage!
An orc wizard comes into view! It is wielding a +0 dagger!
You feel sick!
The orc hits you with a +0 mace! * * * don't die
* * * Harold says, "I was hoping my final job would be more of a challenge, but money You feel sick!
The orc wizard gestures at you while chanting!
The puff of flame hits you!!! * * * don't die
* * * Harold casts a spell at you!
The harpoon shot hits you!!! rip

.## #.(...O..# #.# # ..#
########.# #.# # #.# #.# #.# #
#.## ########@# #)# # #..#
#........# #.# # ##.##
#........# #.. # ##..#
#......o.# ### #
###.############.# #### #
#....9......o.@# ...#... #
#.#####.######.# 8. .8.#.## #
#.# #'## #.#...# #...#.# #
#)#####.8# #.##.#'###'#.##.# #
#.##..'..+ #.##.##...##.##.# #
#.#..8#..# #.##.##.>.##.##.# #
#.#9####### #.##.##...##.##.#
# #.#'#$$%?)[# #.##.#'#
#'#.##.# #
#.#.####+###.#.#)).#####...#.#


You could see Harold, an orc wizard and an orc.

Vanquished Creatures
  Pikel (D:6)
  Joseph (D:7)
  Maurice (D:8)
  Psyche (D:9)
  A gargoyle (D:9)
  A tengu conjurer (D:9)
  Grinder (D:6)
  Sigmund (D:2)
  2 wyverns (D:9)
  A water moccasin (D:6)
  5 orc warriors
  An ice beast (D:6)
  A slave (D:5)
  A phantom (D:5)
  2 ogres
  2 centaurs
  A big kobold (D:6)
  6 bullfrogs
  2 gnoll sergeants
  2 scorpions
  5 howler monkeys
  7 electric eels (D:9)
  7 crimson imps
  A hound (D:8)
  9 orc priests
  A quasit (D:5)
  2 bullfrog skeletons
  A jelly (D:7)
  14 orc wizards
  6 worker ants
  3 iguanas
  2 hound skeletons
  13 gnolls
  10 adders
  2 shadow imps
  2 oozes
  An adder zombie (D:4)
  An adder skeleton (D:6)
  A worm (D:2)
  A dart slug (D:3)
  7 leopard geckos
  57 orcs
  A ball python (D:4)
  5 giant cockroaches
  4 goblins
  8 hobgoblins
  27 jackals
  4 quokkas
  3 bats
  4 frilled lizards
  12 kobolds
  A quokka zombie (D:5)
  6 rats
262 creatures vanquished.

Vanquished Creatures (collateral kills)
  An orc priest (D:9)
  An orc (D:9)
2 creatures vanquished.

Vanquished Creatures (others)
  Menkaure (D:6)
  A gnoll sergeant (D:6)
  A bullfrog skeleton (D:6)
  6 plants (D:6)
9 creatures vanquished.

Grand Total: 273 creatures vanquished

Notes
Turn   | Place    | Note
-------+----------+-------------------------------------------
     0 | D:1      | wazuzu the Ogre Wizard began the quest for the Orb.
     0 | D:1      | Reached XP level 1. HP: 16/16 MP: 5/5
    10 | D:1      | Reached skill level 1 in Conjurations
   264 | D:1      | Reached XP level 2. HP: 19/24 MP: 0/6
  1043 | D:1      | Reached XP level 3. HP: 31/31 MP: 5/8
  2199 | D:2      | Noticed Sigmund
  2249 | D:2      | Learned a level 3 spell: Mephitic Cloud
  2253 | D:2      | Learned a level 3 spell: Conjure Flame
  2255 | D:2      | Upgraded the game from 0.23-a0-635-g88ca12a to
                  | 0.23-a0-636-g0ff6057
  2580 | D:2      | Killed Sigmund
  2580 | D:2      | Reached skill level 5 in Spellcasting
  2580 | D:2      | Reached XP level 4. HP: 32/39 MP: 4/11
  2580 | D:2      | Reached XP level 5. HP: 37/45 MP: 4/13
  2798 | D:3      | Reached XP level 6. HP: 46/53 MP: 7/14
  3725 | D:4      | Found Lybo's Antique Armour Emporium.
  4532 | D:4      | Reached XP level 7. HP: 59/59 MP: 14/17
  4884 | D:5      | Entered Level 5 of the Dungeon
  5099 | D:5      | Found a hazy altar of Hepliaklqana.
  5492 | D:5      | Found a radiant altar of Vehumet.
  5495 | D:5      | Became a worshipper of Vehumet
  5782 | D:5      | Reached skill level 5 in Conjurations
  6135 | D:5      | Reached XP level 8. HP: 40/67 MP: 14/20
  6625 | D:5      | Found a stormy altar of Qazlal.
  7217 | D:5      | Reached skill level 1 in Fighting
  7230 | D:5      | Reached skill level 2 in Fighting
  7624 | D:6      | Reached skill level 3 in Fighting
  7678 | D:6      | Found a shadowy altar of Dithmenos.
  7754 | D:6      | Noticed Grinder
  7761 | D:6      | Reached skill level 4 in Fighting
  7773 | D:6      | Killed Grinder
  7773 | D:6      | Reached skill level 6 in Fighting
  8092 | D:6      | Found an opulent altar of Gozag.
  8134 | D:6      | Found a transporter.
  8142 | D:6      | Identified the cursed +0 buckler "Keaj" {Slay+3}
  8163 | D:6      | Reached skill level 7 in Fighting
  8175 | D:6      | Noticed Mgcat's ghost (novice HOGl)
  8249 | D:5      | Reached * piety under Vehumet
  8249 | D:5      | Offered knowledge of Sting by Vehumet.
  8533 | D:6      | Found a transporter.
  8579 | D:6      | Reached skill level 8 in Fighting
  8579 | D:6      | Reached XP level 9. HP: 72/96 MP: 12/21
  8724 | D:6      | Noticed Pikel
  8894 | D:6      | Noticed Menkaure
  8897 | D:6      | Killed Pikel
  8897 | D:6      | Reached skill level 10 in Fighting
  9550 | D:6      | Killed Menkaure
  9615 | D:6      | HP: 5/102 [gnoll/+0 spear (8)]
 10135 | D:7      | Reached skill level 11 in Fighting
 10314 | D:7      | Found a staircase to the Ecumenical Temple.
 10497 | D:7      | Found a stormy altar of Qazlal.
 10612 | D:7      | Found a blossoming altar of Fedhas.
 10695 | D:7      | Learned a level 3 spell: Regeneration
 10700 | D:7      | Learned a level 4 spell: Animate Dead
 10733 | D:8      | Noticed Joseph
 11140 | D:7      | Killed Joseph
 11140 | D:7      | Reached skill level 1 in Charms
 11318 | D:8      | Reached XP level 10. HP: 72/115 MP: 10/22
 11331 | D:8      | Reached skill level 12 in Fighting
 11389 | D:8      | Noticed Maurice
 11694 | D:8      | Killed Maurice
 11694 | D:8      | Reached ** piety under Vehumet
 11694 | D:8      | Offered knowledge of Freeze by Vehumet.
 11708 | D:8      | Learned a level 1 spell: Freeze
 11920 | D:8      | Reached skill level 1 in Ice Magic
 12486 | D:9      | Offered knowledge of Stone Arrow by Vehumet.
 12491 | D:9      | Learned a level 3 spell: Stone Arrow
 12961 | D:9      | Noticed Psyche
 12970 | D:9      | Killed Psyche
 12978 | D:9      | Reached *** piety under Vehumet
 13082 | D:9      | Noticed a gargoyle
 13107 | D:9      | Reached skill level 1 in Staves
 13107 | D:9      | Reached skill level 1 in Earth Magic
 13681 | D:9      | Killed a gargoyle
 13760 | D:9      | Offered knowledge of Throw Icicle by Vehumet.
 13809 | D:9      | Found a staircase to the Orcish Mines.
 14082 | D:9      | Noticed Harold
 14116 | D:9      | HP: 2/115 [orc wizard/puff of flame (4)]
 14116 | D:9      | Killed from afar by Harold

Vault maps used:
D:1:      dpeg_arrival_brainrot
D:2:      uniq_sigmund
D:3:      minmay_three_crescents
D:4:      first_ration, serial_shops, shop
D:5:      lemuel_doored_altar, nicolae_qazlal_eye_of_the_storm, kennysheep_mini,
          columned_hall_lemuel
D:6:      marbit_many_paths, grunt_gozag_statues, gammafunk_ghost_gnarly_gnolls,
          interstate_on_off, uniq_menkaure, uniq_grinder, uniq_pikel
D:7:      old_standard_altar, minmay_temple_entry_tees, basic_altar,
          serial_glass, glass_columns_c, glass_columns_b
D:8:      uniq_joseph, uniq_maurice
D:9:      minmay_chambers_of_sixes, hiddenorc2_lemuel,
          hangedman_pestilent_swarm, uniq_harold, uniq_psyche

Skill      XL: |  1  2  3  4  5  6  7  8  9 10 |
---------------+-------------------------------+-----
Conjurations   | 1 3 4 5 6 |  6.0
Spellcasting   | 4 5 6 8 |  8.0
Fighting       | 8 11 12 | 12.0
Charms         | 1 4 |  4.2
Necromancy     | 2 4 |  4.0
Ice Magic      | 4 |  4.0
Staves         | 3 |  3.1
Earth Magic    | 2 |  2.8
Dodging        | |  1.7
Stealth        | |  1.4
Summonings     | |  0.8
Translocations | |  0.8

Action                   |  1- 3 |  4- 6 |  7- 9 | 10-12 || total
-------------------------+-------+-------+-------+-------++-------
Melee: Unarmed           |    42 |       |       |       ||    42
       Dagger            |    28 |    25 |       |       ||    53
       Spear             |       |       |    41 |       ||    41
       Quarterstaff      |       |       |       |    45 ||    45
Throw: Stone             |     2 |       |    15 |       ||    17
 Cast: Magic Dart        |    95 |   128 |   396 |   229 ||   848
       Mephitic Cloud    |     2 |       |    29 |    24 ||    55
       Conjure Flame     |       |       |     1 |     1 ||     2
       Freeze            |       |       |       |    25 ||    25
       Animate Dead      |       |       |       |     4 ||     4
       Regeneration      |       |       |       |     2 ||     2
       Stone Arrow       |       |       |       |     2 ||     2
Evoke: Wand              |       |       |    20 |    15 ||    35
  Use: Potion            |     1 |     2 |     1 |     5 ||     9
       Scroll            |       |    10 |     4 |     8 ||    22
 Stab: Paralysed         |       |       |     6 |     5 ||    11
       Confused          |       |       |     2 |       ||     2
  Eat: Chunk             |     1 |     7 |    11 |     5 ||    24
       Ration            |     1 |       |     3 |     1 ||     5
Armor: Robe              |    23 |    31 |    35 |    25 ||   114
Dodge: Dodged            |    53 |    61 |   112 |    56 ||   282

Table legend:
 A = Non-vault XP
 B = Vault XP
 C = Vault XP percentage of total XP
 D = Non-vault monster count
 E = Vault monster count
 F = Vault count percentage of total count
                 A         B        C        D         E       F
            +---------+---------+-------+---------+---------+-------
      Total |    4820 |    4360 |  47.5 |     209 |      55 |  20.8
            +---------+---------+-------+---------+---------+-------
        D:1 |      50 |       2 |   3.8 |      27 |       1 |   3.6
        D:2 |      30 |     223 |  88.1 |      10 |       1 |   9.1
        D:3 |      71 |      60 |  45.8 |      18 |       6 |  25.0
        D:4 |     259 |       0 |   0.0 |      24 |       0 |   0.0
        D:5 |     854 |       0 |   0.0 |      32 |       0 |   0.0
        D:6 |     822 |    1121 |  57.7 |      23 |       9 |  28.1
        D:7 |     526 |     481 |  47.8 |      14 |       1 |   6.7
        D:8 |     819 |     480 |  37.0 |      32 |       1 |   3.0
        D:9 |    1389 |    1993 |  58.9 |      29 |      36 |  55.4
            +---------+---------+-------+---------+---------+-------
